 Dungeon Crawl Stone Soup version 0.19.0-9-gfd783f2 (webtiles) character file.

625 GameOver the Sneak (level 7, -7/43 HPs)
             Began as an Octopode Transmuter on Nov 7, 2016.
             Was an Initiate of Ashenzari.
             Mangled by an iguana (10 damage)
             ... on level 5 of the Dungeon.
             The game lasted 00:18:52 (3851 turns).

GameOver the Sneak (Octopode Transmuter)            Turns: 3851, Time: 00:18:52

Health: -7/43      AC:  1    Str: 12    XL:     7   Next: 47%
Magic:  10/10      EV: 14    Int: 17    God:    Ashenzari [......]
Gold:   283        SH:  0    Dex: 12    Spells: 3 memorised, 4 levels left

rFire  . . .     SeeInvis .     z - +3 spear (vamp)
rCold  . . .     Gourm    .     (no shield)
rNeg   . . .     Faith    .     (helmet restricted)
rPois  .         Spirit   .     o - amulet of regeneration
rElec  .         Reflect  .     e - +2 ring of strength
rCorr  .         Harm     .     (no ring)
MR     .....                    (no ring)
Stlth  ++++......               (no ring)
                                (no ring)
                                (no ring)
                                (no ring)
                                (no ring)

@: no status effects
A: almost no armour, stealthy swim, amphibious, 8 rings, constrict 8, camouflage
1, gelatinous body 1
a: Curse Item, Renounce Religion


You were on level 5 of the Dungeon.
You worshipped Ashenzari.
Ashenzari was noncommittal.
You were not hungry.

You visited 2 branches of the dungeon, and saw 6 of its levels.

You collected 283 gold pieces.

Inventory:

Hand Weapons
 z - a +3 vampiric spear (weapon)
Missiles
 a - 74 arrows
 t - 38 bolts
Jewellery
 e - a +2 ring of strength (left tentacle)
 g - an uncursed ring of ice
 o - an amulet of regeneration (around mantle)
Scrolls
 f - a scroll of recharging
 h - 2 scrolls of remove curse
 j - a scroll of teleportation
 n - 2 scrolls of fear
 p - a scroll of enchant armour
 q - a scroll of magic mapping
 r - 2 scrolls of amnesia
 y - a scroll of random uselessness {unknown}
Potions
 d - a potion of brilliance {unknown}
 i - a potion of magic
 k - 2 potions of lignification
 l - 2 potions of flight
 m - 5 potions of curing {unknown}
 v - 2 potions of cure mutation
 w - a potion of agility
Books
 b - a book of Changes

   Spells                             Type                      Level
   a - Beastly Appendage              Transmutation                1
   b - Sticks to Snakes               Transmutation                2
   c - Spider Form                    Transmutation/Poison         3
   d - Ice Form                       Ice/Transmutation            4
   e - Blade Hands                    Transmutation                5
Comestibles
 c - 3 bread rations


   Skills:
 - Level 1.0 Fighting
 + Level 4.0 Dodging
 + Level 5.0 Stealth
 - Level 3.0 Unarmed Combat
 - Level 2.0 Spellcasting
 + Level 4.6 Transmutations
 + Level 4.7 Poison Magic


You had 4 spell levels left.
You knew the following spells:

 Your Spells              Type           Power        Failure   Level  Hunger
a - Beastly Appendage     Tmut           ###...       2%          1    #......
b - Spider Form           Tmut/Pois      ###.......   10%         3    ###....
c - Sticks to Snakes      Tmut           ###.....     4%          2    ###....


Dungeon Overview and Level Annotations

Branches:
Dungeon (5/15)             Temple (1/1) D:4

Altars:
Ashenzari
Cheibriados
Dithmenos
Elyvilon
Fedhas
Hepliaklqana
Makhleb
Okawaru
Ru
Sif Muna
Trog
Uskayaw
Vehumet
Xom
Yredelemnul
Zin
The Shining One

Annotations:
D:5 Eustachio, Grinder


Innate Abilities, Weirdness & Mutations

You cannot wear most types of armour.
You are very stealthy in the water. (Stealth+)
You are amphibious.
You can wear up to eight rings at the same time.
You can use your tentacles to constrict eight enemies at once.
Your skin changes colour to match your surroundings (Stealth+).
Your rubbery body absorbs attacks. (AC +1, EV +1)


Message History

You constrict the iguana, but do no damage.
The iguana bites you!
* * * LOW HITPOINT WARNING * * *
You hit the iguana but do no damage.
The iguana is heavily wounded.
You constrict the iguana. The iguana bites you!
* * * LOW HITPOINT WARNING * * *
Unknown command.
It was a potion of flight.
You feel very buoyant.
You fly up into the air.
You constrict the iguana. The iguana barely misses you.
Okay, then.
Okay, then.
It was a potion of cancellation.
Your magical effects are unravelling.
You feel magically purged.
Your tentacle spike disappears.
You float gracefully downwards.
You constrict the iguana. The iguana bites you!
You die...

##### #.# ## ## .....
#######...## #.##.##..# #...
...........####.........
#... .#####.............#
#... .# #.....#.####..#####.
# ##.. .#
##.(.#.............$ #.###.#
##
####.....##..####...#.....#
####......l#...............#
#..........@.#####.#######[#
#.##.......#.# #.#
#.###.....##.# #.. #.#
##...# #.# ##.
######.#####.# #.# ##
.........# #. #.# ######.#.#
# #.# #.#.# .. #.#.#


You could see an iguana.

Vanquished Creatures
  A sky beast (D:5)
  3 ogres (D:4)
  A centaur (D:5)
  3 gnolls (D:3)
  7 adders
  2 oozes
  3 worms
  2 dart slugs (D:2)
  3 leopard geckos
  3 orcs
  7 giant cockroaches
  5 goblins
  13 hobgoblins
  7 jackals
  6 kobolds
  3 quokkas
  A ball python (D:1)
  7 bats
  10 frilled lizards
  10 rats
97 creatures vanquished.

Notes
Turn   | Place    | Note
-------+----------+-------------------------------------------
     0 | D:1      | GameOver the Octopode Transmuter began the quest for the Orb.
     0 | D:1      | Reached XP level 1. HP: 13/13 MP: 3/3
    24 | D:1      | Reached skill level 1 in Stealth
    49 | D:1      | Reached XP level 2. HP: 10/18 MP: 3/5
   567 | D:1      | Reached XP level 3. HP: 23/23 MP: 4/6
   597 | D:1      | Learned a level 3 spell: Spider Form
   919 | D:2      | You fall through a shaft!
  1112 | D:3      | Found a deep blue altar of Sif Muna.
  1200 | D:2      | Reached skill level 2 in Stealth
  1208 | D:2      | Reached skill level 1 in Poison Magic
  1223 | D:2      | Reached XP level 4. HP: 28/28 MP: 7/7
  1768 | D:2      | Found a glowing golden altar of the Shining One.
  2095 | D:3      | Learned a level 2 spell: Sticks to Snakes
  2437 | D:3      | Reached XP level 5. HP: 25/33 MP: 0/8
  2725 | D:3      | Reached skill level 3 in Stealth
  3052 | D:4      | Found a staircase to the Ecumenical Temple.
  3063 | Temple   | Entered the Ecumenical Temple
  3153 | Temple   | Became a worshipper of Ashenzari the Shackled
  3236 | D:4      | Noticed an ogre
  3254 | D:4      | Killed an ogre
  3254 | D:4      | Reached XP level 6. HP: 27/38 MP: 5/9
  3301 | D:4      | Found a hazy altar of Hepliaklqana.
  3345 | D:4      | Reached skill level 4 in Stealth
  3482 | D:4      | Reached XP level 7. HP: 18/43 MP: 7/10
  3556 | D:5      | Entered Level 5 of the Dungeon
  3657 | D:5      | Reached skill level 5 in Stealth
  3735 | D:5      | Noticed Eustachio
  3759 | D:5      | Noticed Grinder
  3760 | D:5      | Paralysed by Grinder for 7 turns
  3849 | D:5      | HP: 2/43 [iguana (11)]
  3851 | D:5      | Mangled by an iguana

Skill      XL: |  1  2  3  4  5  6  7 |
---------------+----------------------+-----
Stealth        | 1 2 3 4 5 |  5.0
Transmutations | 3 4 |  4.6
Poison Magic   | 1 2 4 |  4.7
Dodging        | 3 4 |  4.0
Fighting       | |  1.0
Unarmed Combat | |  3.0
Spellcasting   | |  2.0

Action                   |  1- 3 |  4- 6 |  7- 9 || total
-------------------------+-------+-------+-------++-------
Melee: Unarmed           |    27 |    22 |    12 ||    61
       Kick              |    24 |    11 |     1 ||    36
       Constrict         |    26 |    23 |     1 ||    50
       Whip              |    41 |       |       ||    41
       Tentacles         |    13 |    19 |     1 ||    33
       Trident           |    20 |    78 |       ||    98
       Punch             |     3 |       |       ||     3
       Spear             |       |    57 |     6 ||    63
 Cast: Beastly Appendage |    28 |    26 |     1 ||    55
       Spider Form       |       |     5 |     2 ||     7
  Use: Scroll            |       |    10 |     1 ||    11
       Potion            |       |     2 |     2 ||     4
 Stab: Sleeping          |     8 |    16 |       ||    24
  Eat: Chunk             |     2 |     8 |       ||    10
       Bread ration      |       |     1 |     1 ||     2
Armor: Skin              |     7 |    25 |     2 ||    34
Dodge: Dodged            |    43 |    62 |    13 ||   118
